 Dungeon Crawl Stone Soup version 0.23.2-33-g5129a83 (webtiles) character file.

Game seed: 4698576913687018043

44 Fortress the Gusty (level 3, -3/19 HPs)
             Began as a Tengu Air Elementalist on July 3, 2019.
             Slain by Sigmund
             ... wielding a +0 scythe
              (10 damage)
             ... on level 2 of the Dungeon.
             The game lasted 00:05:58 (1273 turns).

Fortress the Gusty (Tengu Air Elementalist)         Turns: 1273, Time: 00:05:59

Health: -3/19      AC:  2    Str:  8    XL:     3   Next: 62%
Magic:  1/7        EV: 13    Int: 16    God:
Gold:   26         SH:  0    Dex: 14    Spells: 5/6 levels left

rFire    + . .     SeeInvis .   h - +0 whip (curse)
rCold    . . .     Gourm    .   (no shield)
rNeg     . . .     Faith    .   a - +0 robe
rPois    .         Spirit   .   (helmet restricted)
rElec    .         Reflect  .   (no cloak)
rCorr    .         Harm     .   (no gloves)
MR       +....                  (boots unavailable)
Stlth    ++........             (no amulet)
HPRegen  0.06/turn              g - ring of protection from magic
MPRegen  0.10/turn              j - ring of protection from fire

@: very slightly contaminated
A: beak, talons 3
a: no special abilities


You were on level 2 of the Dungeon.
You were near starving.

You visited 1 branch of the dungeon, and saw 2 of its levels.

You collected 26 gold pieces.

Inventory:

Hand Weapons
 h - a cursed +0 whip (weapon)
Missiles
 d - 14 poisoned needles
Armour
 a - a +0 robe (worn)
Jewellery
 g - a ring of protection from magic (left hand)
 j - a ring of protection from fire (right hand)
Scrolls
 e - 2 scrolls of teleportation {unknown}
 f - a scroll of remove curse {unknown}
 k - a scroll of identify {unknown}
Potions
 b - a potion of heal wounds {unknown}
 i - a potion of brilliance {unknown}
Comestibles
 c - a ration


   Skills:
 + Level 2.6 Dodging
 - Level 2.0 Stealth
 + Level 2.4 Spellcasting
 + Level 2.0 Conjurations
 + Level 5.0 Air Magic


You had 5 spell levels left.
You knew the following spells:

 Your Spells              Type           Power        Failure   Level  Hunger
a - Shock                 Conj/Air       ##..         4%          1    #......

Your spell library contained the following spells:

 Spells                   Type           Power        Failure   Level  Hunger
 Swiftness                Chrm/Air       ##......     11%         2    ###....
 Static Discharge         Conj/Air       ##......     14%         3    ###....
 Airstrike                Air            ###.......   26%         4    #####..
 Lightning Bolt           Conj/Air       ##........   78%         5    ######.


Dungeon Overview and Level Annotations

Branches:
Dungeon (2/15)

Altars:

Annotations:
D:2 Sigmund


Innate Abilities, Weirdness & Mutations

You have a beak for a mouth.
You have claws for feet.


Message History

Confirm with . or Enter, or press ? or * to list all spells.
Aiming: Shock (safe; 4% risk of failure)
Press: ? - help, Shift-Dir - straight line, f/p - worm
Aim: a worm (lightly wounded)
The zap hits the worm.
The worm is moderately wounded.
Casting: Shock (safe; 4% risk of failure)
Confirm with . or Enter, or press ? or * to list all spells.
Aiming: Shock (safe; 4% risk of failure)
Press: ? - help, Shift-Dir - straight line, f/p - worm
Aim: a worm (moderately wounded)
The zap misses the worm.
The worm misses you.
You hit the worm.
The worm is heavily wounded.
You hit the worm. Your peck misses the worm.
The worm is heavily wounded.
The worm closely misses you.
Sigmund hits you from afar with a +0 scythe!
Ouch! That really hurt!
You die...

.... .... #### .... ###
#... .##.. ..# #...
...... #.# #...
......### #.# #..<
#...w@### #.#####...
.....##...# ##.........
#.# ###@####...####...
#.##...#)####...
.#####.##.###.<......
...K..........)รท##....
............##..#.....
............###.......
.......@...^.##.......


You could see Sigmund and a worm.

Vanquished Creatures
  An adder (D:2)
  An ooze (D:1)
  A worm (D:2)
  3 goblins (D:2)
  6 hobgoblins
  5 jackals
  A ball python (D:2)
  3 bats (D:1)
  3 frilled lizards
  3 kobolds
27 creatures vanquished.

Notes
Turn   | Place    | Note
-------+----------+-------------------------------------------
     0 | D:1      | Fortress the Tengu Air Elementalist began the quest for the
                  | Orb.
     0 | D:1      | Reached XP level 1. HP: 10/10 MP: 4/4
   175 | D:1      | Reached XP level 2. HP: 12/15 MP: 0/6
   839 | D:2      | Reached XP level 3. HP: 19/19 MP: 2/7
   898 | D:2      | Reached skill level 5 in Air Magic
  1265 | D:2      | Noticed Sigmund
  1273 | D:2      | Slain by Sigmund

Skill      XL: |  1  2  3 |
---------------+----------+-----
Air Magic      | 5 |  5.0
Conjurations   | 2 |  2.0
Dodging        | |  2.6
Stealth        | |  2.0
Spellcasting   | |  2.4

Action                   || total
-------------------------++-------
Melee: Unarmed           ||     9
       Kick              ||     8
       Peck              ||     2
       Whip              ||    26
 Cast: Shock             ||    39
 Stab: Sleeping          ||     1
Armor: Robe              ||     7
Dodge: Dodged            ||    32
